 Dungeon Crawl Stone Soup version 0.16.0-8-gd9ae3a8 (webtiles) character file.

360 timbw the Ruffian (level 6, -1/48 HPs)
             Began as a Draconian Hunter on Mar 17, 2015.
             Was a Follower of Makhleb.
             Killed from afar by an orc wizard (4 damage)
             ... with a magic dart
             ... on level 5 of the Dungeon.
             The game lasted 00:05:44 (1598 turns).

timbw the Ruffian (Draconian Hunter)                Turns: 1598, Time: 00:05:44

Health: -1/48      AC:  6    Str: 15    XL:     6   Next: 38%
Magic:  6/6        EV: 12    Int: 11    God:    Makhleb [*.....]
Gold:   27         SH:  0    Dex: 13    Spells: 0 memorised, 5 levels left

rFire  . . .     SeeInvis .       - Unarmed
rCold  . . .     Clarity  .     (armour unavailable)
rNeg   . . .     SustAb   .     (no shield)
rPois  .         Gourm    .     (helmet restricted)
rElec  .         Spirit   .     (no cloak)
rCorr  .         Warding  .     (no gloves)
rMut   .         Stasis   .     (no boots)
MR     .....                    (no amulet)
Stlth  +.........               (no ring)
                                (no ring)

@: not resistant to hostile enchantments, very unstealthy
A: unfitting armour, cold-blooded, AC +6
a: Renounce Religion


You were on level 5 of the Dungeon.
You worshipped Makhleb.
Makhleb was aware of your devotion.
You were not hungry.

You visited 1 branch of the dungeon, and saw 5 of its levels.

You collected 27 gold pieces.

Inventory:

Hand weapons
 a - a +0 short sword
Missiles
 b - 6 javelins (quivered)
Potions
 d - a potion of restore abilities
Comestibles
 c - 2 chunks of flesh
 f - 3 bread rations


   Skills:
 - Level 2.1 Fighting
 - Level 3.6 Throwing
 - Level 1.7 Dodging
 - Level 0.8 Stealth
 + Level 6.4 Unarmed Combat


You had 5 spell levels left.
You didn't know any spells.

Dungeon Overview and Level Annotations

Branches:
Dungeon (5/15)             Temple (0/1) D:4

Altars:
Ashenzari
Makhleb


Innate Abilities, Weirdness & Mutations

Your plain brown scales are hard (AC +6).
Your body does not fit into most forms of armour.
Your cold-blooded metabolism reacts poorly to cold.


Message History

You see here a tomahawk.
You feel less confused.
The orc wizard gestures wildly while chanting.
The orc wizard seems to speed up.
The jackal barely misses you.
The orc priest calls down the wrath of Beogh upon you.
Something smites you!
The jackal bites you but does no damage.
The jackal bites you.
Found a stone staircase leading down.
The orc priest invokes the aid of Beogh against you.
Something smites you!
* * * LOW HITPOINT WARNING * * *
The orc wizard casts a spell.
The orc wizard flickers and vanishes!
Deactivating autopickup; reactivate with Ctrl-A.
The slave shouts!
The orc wizard gestures at you while chanting.
The magic dart hits you!
You die...

#....# ##
####...#
#.#####.....#
#........{o#
##....(ooo######
##.......#.....>
##....hh........
###............p
#......@...####p
#.###...##### #
##..# . #..# ..
#..# #. #..## #.
##..# # #..# #
#..# ..######


You could see a slave, 2 orc priests, an orc wizard, an orc and 2 jackals.

Vanquished Creatures
  An ogre (D:4)
  2 scorpions (D:4)
  A hound (D:5)
  2 centaur skeletons (D:4)
  Jessica (D:2)
  3 adders
  An adder skeleton (D:4)
  An ooze (D:2)
  5 orcs (D:3)
  5 goblins
  2 hobgoblins
  7 kobolds
  A quokka (D:2)
  2 bats
  A giant cockroach (D:4)
  2 giant geckos
  A giant newt (D:4)
  4 rats
42 creatures vanquished.

Notes
Turn   | Place    | Note
--------------------------------------------------------------
     0 | D:1      | timbw, the Draconian Hunter, began the quest for the Orb.
     0 | D:1      | Reached XP level 1. HP: 17/17 MP: 1/1
     9 | D:2      | Noticed Jessica
    23 | D:2      | Reached skill level 1 in Unarmed Combat
    23 | D:2      | Reached XP level 2. HP: 18/24 MP: 2/2
    62 | D:2      | Killed Jessica
    62 | D:2      | Reached XP level 3. HP: 20/29 MP: 3/3
   128 | D:2      | Found a burning altar of Makhleb.
   149 | D:2      | Found a shattered altar of Ashenzari.
   176 | D:2      | Became a worshipper of Makhleb the Destroyer
   432 | D:4      | Reached XP level 4. HP: 22/36 MP: 4/4
   475 | D:5      | Entered Level 5 of the Dungeon
   479 | D:5      | Reached skill level 4 in Unarmed Combat
   543 | D:5      | Noticed a slave
   544 | D:5      | Noticed a slave
   568 | D:5      | Acquired Makhleb's first power
   614 | D:5      | HP: 1/36 [slave[Pikel] (3)]
   951 | D:4      | Reached XP level 5. HP: 37/41 MP: 5/5
   953 | D:4      | Noticed an ogre
   968 | D:4      | Killed an ogre
   968 | D:4      | Reached skill level 5 in Unarmed Combat
   990 | D:4      | Noticed a scorpion
   992 | D:4      | Found a staircase to the Ecumenical Temple.
   998 | D:4      | Killed a scorpion
   998 | D:4      | Reached skill level 6 in Unarmed Combat
   998 | D:4      | Reached XP level 6. HP: 36/48 MP: 6/6
  1054 | D:4      | Noticed a scorpion
  1064 | D:4      | Killed a scorpion
  1598 | D:5      | Killed from afar by an orc wizard

Action                   |  1- 3 |  4- 6 || total
-------------------------+-------+-------++-------
Melee: Short sword       |    45 |       ||    45
       Unarmed           |     5 |    50 ||    55
Throw: Javelin           |    10 |    10 ||    20
       Throwing net      |     6 |     2 ||     8
  Use: Scroll            |       |     3 ||     3
       Potion            |       |     1 ||     1
 Stab: Sleeping          |     1 |       ||     1
       Held in net/web   |       |     1 ||     1
  Eat: Chunk             |       |     2 ||     2
